 Dungeon Crawl Stone Soup version 0.31.0-11-ge490571c62 (webtiles) character file.

Game seed: 18437201475049385439

884 Couri the Geomancer (level 8, -2/41 HPs)
             Began as a Gargoyle Earth Elementalist on Feb 10, 2024.
             Was an Initiate of Vehumet.
             Slain by Prince Ribbit (7 damage)
             ... on level 5 of the Dungeon.
             The game lasted 00:15:01 (5870 turns).

Couri the Geomancer (Gargoyle Earth Elementalist)   Turns: 5870, Time: 00:15:01

Health: -2/41      AC:  7    Str: 13    XL:     8   Next: 5%
Magic:  1/15       EV: 11    Int: 17    God:    Vehumet [......]
Gold:   259        SH:  5    Dex: 10    Spells: 12/16 levels left

rFire   . . .        z - +1 short sword (flame)
rCold   . . .        (no shield)
rNeg    + . .        a - +0 robe
rPois   ∞            (no helmet)
rElec   +            (no cloak)
rCorr   .            (no gloves)
SInv    .            (no boots)
Will    .....        v - amulet of reflection
Stlth   ++           (no ring)
HPRegen 0.26/turn    (no ring)
MPRegen 0.14/turn

%: reflection
@: no status effects
A: sickness immunity, AC +5, negative energy resistance 1, electricity
resistance, torment resistance 1, petrification resistance
a: Renounce Religion


You were on level 5 of the Dungeon.
You worshipped Vehumet.
Vehumet was noncommittal.
You visited 2 branches of the dungeon, and saw 7 of its levels.

You collected 259 gold pieces.

Inventory:

Hand Weapons
 c - a +0 morningstar of pain
 i - a +0 heavy spear
 w - a +0 long sword of holy wrath
 z - a +1 short sword of flaming (weapon)
Missiles
 y - a throwing net
Armour
 a - a +0 robe (worn)
Magical Staves
 m - a staff of air
Jewellery
 g - an amulet of guardian spirit
 o - an amulet of faith
 v - an amulet of reflection (around neck)
 D - an amulet of reflection
Wands
 u - a wand of paralysis (3)
Scrolls
 d - 6 scrolls of identify
 k - 2 scrolls of fog {unknown}
 l - 2 scrolls of vulnerability {unknown}
 p - 2 scrolls of poison {unknown}
 q - a scroll of enchant weapon {unknown}
 s - a scroll of torment {unknown}
 t - 2 scrolls of teleportation {unknown}
 x - a scroll of revelation {unknown}
 B - a scroll of fear {unknown}
Potions
 b - 2 potions of magic
 e - a potion of brilliance {unknown}
 f - 2 potions of haste
 h - a potion of curing
 n - a potion of might {unknown}
 r - 2 potions of heal wounds {unknown}
 A - a potion of mutation {unknown}
 C - a potion of cancellation


   Skills:
 - Level 2.2 Maces & Flails
 - Level 1.5 Dodging
 - Level 2.2 Stealth
 + Level 4.8 Spellcasting
 - Level 1.1 Conjurations
 * Level 9.1 Earth Magic


You had 12 spell levels left.
You knew the following spells:

 Your Spells              Type           Power      Damage    Failure   Level
a - Sandblast             Erth           70%        2d15      1%          1
b - Stone Arrow           Conj/Erth      42%        3d9       5%          3

Your spell library contained the following spells:

 Spells                   Type           Power      Damage    Failure   Level
 Passwall                 Erth           35%        N/A       1%          3
 Brom's Barrelling Bould  Conj/Erth      21%        2d4       19%         4
 Ensorcelled Hibernation  Hex/Ice        8%         N/A       22%         2
 Petrify                  Alch/Erth      19%        N/A       22%         4
 Swiftness                Air            4%         N/A       41%         3


Dungeon Overview and Level Annotations

Branches:
Dungeon (6/15)             Temple (1/1) D:4

Altars:
Cheibriados
Dithmenos
Elyvilon
Fedhas
Kikubaaqudgha
Nemelex Xobeh
Qazlal
Ru
Trog
Vehumet
Wu Jian
Xom
Zin
The Shining One

Annotations:
D:5 2 exclusions, Prince Ribbit


Innate Abilities, Weirdness & Mutations

You are immune to sickness and miasma.
Your stone body is resilient. (AC +5)
You are immune to poison.
You resist negative energy. (rN+)
You are resistant to electric shocks. (rElec)
You are resistant to unholy torment.
You are immune to petrification.


Message History

Aim: an orc, wielding a +0 club and wearing a +0 scale mail (86% to hit)
The blast of sand hits the orc!!
You kill the orc!
Vehumet accepts your kill.
Unknown command.
Prince Ribbit blinks!
Casting: Sandblast (safe; 1% risk of failure)
Confirm with . or Enter, or press ? or * to list all spells.
You don't have enough magic to cast this spell.
Prince Ribbit blinks!
Casting: Sandblast (safe; 1% risk of failure)
Confirm with . or Enter, or press ? or * to list all spells.
You don't have enough magic to cast this spell.
Unknown command.
Casting: Sandblast (safe; 1% risk of failure)
Confirm with . or Enter, or press ? or * to list all spells.
You don't have enough magic to cast this spell.
Unknown command.
You block Prince Ribbit's attack. Prince Ribbit hits you!
* * * LOW HITPOINT WARNING * * *
You miss Prince Ribbit.
Prince Ribbit is moderately wounded.
Prince Ribbit hits you.
* * * LOW HITPOINT WARNING * * *
It was a potion of haste.
You feel yourself speed up. You block Prince Ribbit's attack.
Prince Ribbit closely misses you.
It was a potion of curing.
You feel better. Prince Ribbit hits you!
* * * LOW HITPOINT WARNING * * *
It was a potion of cancellation.
Your magical effects are unravelling.
You feel magically purged.
You feel yourself slow down. Prince Ribbit barely misses you.
You hit Prince Ribbit. You burn Prince Ribbit.
Prince Ribbit is moderately wounded.
You block Prince Ribbit's attack.
You hit Prince Ribbit. You burn Prince Ribbit.
Prince Ribbit is moderately wounded.
Prince Ribbit hits you!
You die...

######## .......#
######.# ##### #.#
##...## #####
#.###.###.#####...###
#.....# #.F@)..[#...#
#.###.###.#####)>...###
#.# ##...## #.......#
######.# #####
#.......# #......#
#.......# 8###.####
###...###
........######## #...#
..##.##.##.....# ##.##
8.##.##.##.....##
#####.##


You could see Prince Ribbit.

Vanquished Creatures
  Eustachio (D:5)
  A water moccasin (D:5)
  A black bear (D:5)
  An ogre (D:5)
  3 bombardier beetles
  3 hounds
  2 jellies (D:5)
  A sleepcap (D:3)
  Ijyb (D:3)
  An iguana (D:5)
  6 adders
  A shadow imp (D:5)
  2 ufetubi (D:5)
  A ribbon worm (D:5)
  2 dart slugs
  7 orcs
  7 endoplasms
  2 giant cockroaches
  6 goblins
  4 hobgoblins
  4 jackals (D:3)
  7 kobolds
  10 ball pythons
  A bat (D:1)
  A frilled lizard (D:1)
  5 rats
81 creatures vanquished.

Notes
Turn   | Place    | Note
-------+----------+-------------------------------------------
     0 | D:1      | Couri the Gargoyle Earth Elementalist began the quest for
                  | the Orb.
     0 | D:1      | Reached XP level 1. HP: 10/10 MP: 3/3
   525 | D:1      | Reached skill level 4 in Earth Magic
   525 | D:1      | Reached XP level 2. HP: 15/15 MP: 3/5
   575 | D:1      | Found a faded altar of an unknown god.
  1452 | D:2      | Reached skill level 1 in Maces & Flails
  1491 | D:2      | Reached XP level 3. HP: 14/19 MP: 3/6
  1988 | D:2      | Reached XP level 4. HP: 22/24 MP: 4/7
  2041 | D:2      | Reached skill level 5 in Earth Magic
  2299 | D:3      | Noticed Ijyb
  2315 | D:3      | Paralysed by Ijyb for 5 turns
  2327 | D:3      | Paralysed by Ijyb for 5 turns
  2332 | D:3      | Killed Ijyb
  2729 | D:3      | Reached XP level 5. HP: 28/28 MP: 5/9
  3318 | D:4      | Found a stormy altar of Qazlal.
  3579 | D:4      | Found a glowing golden altar of the Shining One.
  3615 | D:4      | Reached skill level 6 in Earth Magic
  3656 | D:4      | Found a staircase to the Ecumenical Temple.
  3703 | Temple   | Entered the Ecumenical Temple
  4014 | D:4      | Reached XP level 6. HP: 32/32 MP: 7/10
  4531 | D:5      | Entered Level 5 of the Dungeon
  4618 | D:5      | Learned a level 3 spell: Stone Arrow
  4662 | D:5      | Reached skill level 7 in Earth Magic
  4834 | D:5      | Noticed Eustachio
  4952 | D:5      | Found an ornate altar of the Wu Jian Council.
  5018 | D:5      | Noticed a water moccasin
  5020 | D:5      | Noticed a black bear
  5021 | D:5      | Killed a water moccasin
  5022 | D:5      | Reached XP level 7. HP: 30/36 MP: 8/13
  5028 | D:5      | Reached skill level 8 in Earth Magic
  5304 | D:5      | Found a sparkling altar of Nemelex Xobeh.
  5408 | D:5      | Found a sacrificial altar of Ru.
  5409 | D:5      | Found a radiant altar of Vehumet.
  5409 | D:5      | Found a shadowy altar of Dithmenos.
  5413 | D:5      | Found a snail-covered altar of Cheibriados.
  5416 | D:5      | Became a worshipper of Vehumet
  5726 | D:6      | Noticed Prince Ribbit
  5732 | D:5      | Killed Eustachio
  5733 | D:5      | Reached XP level 8. HP: 12/41 MP: 1/15
  5858 | D:5      | Reached skill level 9 in Earth Magic
  5870 | D:5      | Slain by Prince Ribbit

Illustrated notes

Levels and vault maps discovered:
D:1:      dpeg_arrival_signposts, layout_basic, ebering_ecumenical_altar_hall,
          serial_bayou_ford_a, corner_web_ring, nicolae_figureground_pulse
D:2:      layout_loops_ring
D:3:      layout_loops_ring, hellmonk_no_cap, uniq_ijyb
D:4:      layout_loops_corners, lemuel_doored_altar,
          mainiacjoe_overflow_brackets, minmay_temple_entry_ruins,
          serial_co_window_serial, co_window_paths_a, co_window_paths_b,
          co_window_paths_a, co_window_corner_a, co_window_paths_a,
          co_window_broadway_c, co_window_of_opportunity_b,
          co_window_of_opportunity_c, co_window_unsneaky_path_e,
          co_window_paths_e, co_window_4corner_b, glass_columns_a,
          glass_columns_a, glass_columns_b, glass_columns_a,
          minmay_tree_intersection
D:5:      layout_loops_cross, nemelex_dance_club_becter,
          nzn_wu_jian_council_hall, minitemple, kennysheep_minor_cross,
          uniq_eustachio
D:6:      layout_cave_pools, mainiacjoe_overflow_boulevard,
          mainiacjoe_overflow_alcove_4, minmay_nine_imps, uniq_prince_ribbit1
Temple:   hellmonk_temple_flake

Skill      XL: |  1  2  3  4  5  6  7  8 |
---------------+-------------------------+-----
Earth Magic    | 4 5 6 7 8 9 |  9.1
Maces & Flails | 1 2 |  2.2
Spellcasting   | 3 4 |  4.8
Dodging        | |  1.5
Stealth        | |  2.2
Conjurations   | |  1.1

Action                     |  1- 3 |  4- 6 |  7- 9 || total
---------------------------+-------+-------+-------++-------
  Melee: Morningstar       |    31 |    33 |       ||    64
         Short sword       |       |    28 |    11 ||    39
         Punch             |       |     1 |       ||     1
   Cast: Sandblast         |    31 |    63 |    22 ||   116
         Stone Arrow       |       |       |     8 ||     8
    Use: Scroll            |       |       |     4 ||     4
         Potion            |       |       |     3 ||     3
   Stab: Sleeping          |     2 |       |       ||     2
 Armour: Robe              |    33 |    67 |    62 ||   162
  Dodge: Dodged            |    30 |    63 |    53 ||   146
  Block: Other             |       |    19 |    16 ||    35
